cohdb
Replays
Latest Replays
All Replays
Popular Replays
Top Player Replays
Match Explorer
How It Works
Community
CoH3 Stats
Reddit
Sign in to upload your games and track your stats! →
Sign in with Steam
Match 33541666
Unlisted
Match 33541666
Overview
Messages
Build Orders
End
Construct Infanterie Kompanie
Pioneer Squad
MG 42 Machine Gun Team
Selects Mechanized Battlegroup
MG 42 Machine Gun Team
Pioneer Squad
Infanterie Officer Quarters
Construct Luftwaffe Kompanie
Selects Raid Package
221 Scout Car
Medical Bunker
Jäger Squad
Support Elements
Medical Bunker
Forward Retreat Point
Marder III M Tank Destroyer
Selects StuG Assault Group
Wirbelwind Flakpanzer
Jäger Squad
Selects UNKNOWN (2160084)
Wirbelwind Flakpanzer
Selects Spotting Scopes
Selects Wespe Self-propelled Artillery
StuG Assault Group
Luftwaffe Officer Quarters
Construct Panzer Kompanie
Wespe Self-propelled Artillery
Selects Zeroing Artillery Barrage
Zeroing Artillery Barrage
Alloyzy Klex
SEPH
Turbokret
Loperenco
nacke
Bruistablet
Professor gibberish
sh333p
0
0
Comments
sign in to comment!
No comments posted yet!